 Dungeon Crawl Stone Soup version 0.22-a0-855-g415d086bb8 (webtiles) character file.

83 Htamos the Insei (level 4, -4/25 HPs)
             Began as a Tengu Transmuter on July 27, 2018.
             Was an Initiate of Okawaru.
             Slain by an ogre
             ... wielding a cursed +0 giant spiked club
              (29 damage)
             ... on level 4 of the Dungeon.
             The game lasted 00:04:37 (3109 turns).

Htamos the Insei (Tengu Transmuter)                 Turns: 3109, Time: 00:04:38

Health: -4/25      AC:  4    Str: 11    XL:     4   Next: 44%
Magic:  8/8        EV: 13    Int: 14    God:    Okawaru [......]
Gold:   112        SH:  0    Dex: 14    Spells: 1/7 levels left

rFire    . . .     SeeInvis .   h - +2 dagger (venom)
rCold    . . .     Gourm    .   (no shield)
rNeg     . . .     Faith    .   b - +0 robe
rPois    .         Spirit   .   (helmet restricted)
rElec    .         Reflect  .   p - +0 cloak
rCorr    .         Harm     .   o - +0 pair of gloves
MR       .....                  (boots unavailable)
Stlth    +.........             (no amulet)
HPRegen  0.08/turn              (no ring)
MPRegen  0.11/turn              (no ring)

@: no status effects
A: beak, talons 3
a: Renounce Religion


You were on level 4 of the Dungeon.
You worshipped Okawaru.
Okawaru was noncommittal.
You were hungry.

You visited 1 branch of the dungeon, and saw 4 of its levels.

You collected 112 gold pieces.

Inventory:

Hand Weapons
 c - a +0 whip
 h - a +2 dagger of venom (weapon)
Missiles
 a - 30 arrows
Armour
 b - a +0 robe (worn)
 o - a +0 pair of gloves (worn)
 p - a +0 cloak (worn)
Jewellery
 e - a +2 ring of protection {unknown}
 k - an uncursed ring of protection from cold {unknown}
 l - an uncursed ring of fire {unknown}
 n - an uncursed ring of fire {unknown}
 r - a +3 ring of intelligence {unknown}
 t - a cursed -3 ring of protection {unknown}
Wands
 v - a wand of scattershot (5)
Scrolls
 g - a scroll of blinking {unknown}
 i - 3 scrolls of remove curse {unknown}
 u - a scroll of identify {unknown}
 w - a scroll of random uselessness {unknown}
Potions
 f - 2 potions of heal wounds
 j - a potion of haste
 m - a potion of agility {unknown}
 q - a potion of curing {unknown}
 s - a potion of flight {unknown}
Comestibles
 d - 7 rations


   Skills:
 + Level 1.6 Fighting
 * Level 1.5 Short Blades
 + Level 2.8 Dodging
 * Level 4.1 Unarmed Combat
 + Level 2.3 Spellcasting
 + Level 2.0 Transmutations


You had one spell level left.
You knew the following spells:

 Your Spells              Type           Power        Failure   Level  Hunger
a - Beastly Appendage     Tmut           #.....       10%         1    #......
b - Sticks to Snakes      Tmut           #.......     16%         2    ###....
c - Spider Form           Tmut/Pois      #.........   41%         3    ###....

Your spell library contained the following spells:

 Spells                   Type           Power        Failure   Level  Hunger
 Blade Hands              Tmut           #.........   95%         5    ######.
 Ice Form                 Ice/Tmut       #.......     83%         4    #####..


Dungeon Overview and Level Annotations

Branches:
Dungeon (4/15)
 Temple: D:4-7

Altars:
Okawaru
Ru
Trog
Vehumet
Xom


Innate Abilities, Weirdness & Mutations

You have a beak for a mouth.
You have claws for feet.


Message History

You hit the adder skeleton.
You destroy the adder skeleton!
Okawaru accepts your kill.
No target in view!
HP restored.
You open the door.
There is an open door here.
You open the door.
There is an open door here.
You found a teleport trap!
Found a ration, 15 gold pieces and a potion of heal wounds.
Found a stone staircase leading down.
An ogre comes into view. It is wielding a giant spiked club.
The ogre shouts!
You see here a ration.
An ogre is nearby!
An ogre is nearby!
The ogre hits you with a giant spiked club!!
Ouch! That really hurt!
You die...

####.# .....# #.
.....# .###. ....#
.....####....#
#.#..........#
#.#.....O....#
#.......@.#
#....$!..#
#........#
##...%...####
#.>.........
#...^...####
##########.######
#................$
#.################


You could see an ogre.

Vanquished Creatures
  An adder (D:3)
  An ooze (D:2)
  An adder skeleton (D:4)
  4 worms
  4 orcs (D:3)
  2 giant cockroaches
  8 goblins
  5 hobgoblins
  7 kobolds
  A quokka (D:2)
  6 bats
  6 frilled lizards
  6 rats
  A fungus (D:3)
  2 toadstools (D:1)
55 creatures vanquished.

Vanquished Creatures (others)
  2 toadstools (D:1)
2 creatures vanquished.

Grand Total: 57 creatures vanquished

Notes
Turn   | Place    | Note
-------+----------+-------------------------------------------
     0 | D:1      | Htamos the Tengu Transmuter began the quest for the Orb.
     0 | D:1      | Reached XP level 1. HP: 12/12 MP: 4/4
   237 | D:1      | Reached XP level 2. HP: 16/16 MP: 6/6
   435 | D:1      | Found a shimmering altar of Xom.
  1050 | D:2      | Reached XP level 3. HP: 20/20 MP: 7/7
  1057 | D:2      | Learned a level 2 spell: Sticks to Snakes
  1061 | D:2      | Learned a level 3 spell: Spider Form
  1756 | D:3      | Reached skill level 1 in Short Blades
  2066 | D:3      | Reached XP level 4. HP: 15/25 MP: 8/8
  2196 | D:3      | Found a bloodstained altar of Trog.
  2200 | D:3      | Found an iron altar of Okawaru.
  2210 | D:3      | Found a radiant altar of Vehumet.
  2259 | D:3      | Reached skill level 4 in Unarmed Combat
  2315 | D:3      | Became a worshipper of Warmaster Okawaru
  2863 | D:3      | Found a sacrificial altar of Ru.
  3106 | D:4      | Noticed an ogre
  3109 | D:4      | Slain by an ogre

Vault maps used:
D:1:      ldierk_water_garden, xom_teletrap_fun
D:3:      wad_lake_hut, minmay_overflow_temple_star_quad,
          nicolae_ru_the_path_less_chosen
D:4:      first_ration

Skill      XL: |  1  2  3  4 |
---------------+-------------+-----
Short Blades   | 1 |  1.5
Unarmed Combat | 4 |  4.1
Transmutations | 2 |  2.0
Fighting       | |  1.6
Dodging        | |  2.8
Spellcasting   | |  2.3

Action                   |  1- 3 |  4- 6 || total
-------------------------+-------+-------++-------
Melee: Whip              |    16 |       ||    16
       Kick              |    15 |    13 ||    28
       Unarmed           |     3 |       ||     3
       Peck              |    13 |     7 ||    20
       Dagger            |    65 |    43 ||   108
 Cast: Beastly Appendage |     4 |       ||     4
  Use: Scroll            |     1 |       ||     1
       Potion            |     2 |       ||     2
 Stab: Sleeping          |     3 |       ||     3
  Eat: Chunk             |     4 |     2 ||     6
Armor: Robe              |    14 |     9 ||    23
Dodge: Dodged            |    50 |    15 ||    65

Table legend:
 A = Spawn XP
 B = Non-spawn XP
 C = Spawn XP percentage of total XP
 D = Spawn monster count
 E = Non-spawn monster count
 F = Spawn count percentage of total count
 G = Total turns spent on level
                    A         B        C        D         E        F      G
               +---------+---------+-------+---------+---------+-------+---------
         Total |       0 |     119 |   0.0 |       0 |      52 |   0.0 |  3109
               +---------+---------+-------+---------+---------+-------+---------
           D:1 |       0 |      21 |   0.0 |       0 |      14 |   0.0 |   897
           D:2 |       0 |      30 |   0.0 |       0 |      16 |   0.0 |   764
           D:3 |       0 |      63 |   0.0 |       0 |      21 |   0.0 |  1276
           D:4 |       0 |       5 |   0.0 |       0 |       1 |   0.0 |   172
               +---------+---------+-------+---------+---------+-------+---------
